 Dungeon Crawl Stone Soup version 0.24-a0-208-g17bec22d17 (webtiles) character file.

Game seed: 5736593951130527646

14 Redear the Vexing (level 2, -2/12 HPs)
             Began as a Felid Enchanter on Mar 29, 2019.
             Hit by a stone thrown by a hobgoblin (3 damage)
             ... on level 1 of the Dungeon.
             The game lasted 00:05:20 (936 turns).

Redear the Vexing (Felid Enchanter)                  Turns: 936, Time: 00:05:20

Health: -2/12      AC:  1    Str:  4    XL:     2   Next: 31%
Magic:  5/6        EV: 18    Int: 16    God:
Gold:   22         SH:  0    Dex: 16    Spells: 4/5 levels left
                                        Lives:  0   Deaths: 0

rFire    . . .     SeeInvis +     - Unarmed
rCold    . . .     Gourm    .   (shield unavailable)
rNeg     . . .     Faith    .   (armour unavailable)
rPois    .         Spirit   .   (helmet unavailable)
rElec    .         Reflect  .   (cloak unavailable)
rCorr    .         Harm     .   (gloves unavailable)
MR       .....                  (boots unavailable)
Stlth    +++.......             (no amulet)
HPRegen  0.04/turn              (no ring)
MPRegen  0.10/turn              (no ring)

@: quick
A: very small, no armour, no weapons or thrown items, stealth, claws 1, fangs 3,
see invisible, carnivore, speed 1, shaggy fur 1, slow metabolism 1, sharp paws
a: no special abilities


You were on level 1 of the Dungeon.
You were not hungry.

You visited 1 branch of the dungeon, and saw 1 of its levels.

You collected 22 gold pieces.

Inventory:

Scrolls
 c - a scroll of remove curse
 e - a scroll of fear
 f - a scroll of enchant weapon {unknown}
 g - a scroll of identify {unknown}
 h - a scroll of teleportation {unknown}
Potions
 a - a potion of agility {unknown}
 d - a potion of berserk rage {!q}
 i - a potion of lignification {unknown}
Comestibles
 b - a ration


   Skills:
 + Level 0.7 Fighting
 + Level 3.1 Dodging
 + Level 4.3 Stealth
 + Level 1.4 Unarmed Combat
 - Level 2.0 Spellcasting
 - Level 4.4 Hexes


You had 4 spell levels left.
You knew the following spells:

 Your Spells              Type           Power        Failure   Level  Hunger
v - Corona                Hex            ###....      3%          1    #......

Your spell library contained the following spells:

 Spells                   Type           Power        Failure   Level  Hunger
 Confuse                  Hex            ###.....     11%         3    ###....
 Tukima's Dance           Hex            ###.....     11%         3    ###....
 Ensorcelled Hibernation  Hex/Ice        #.....       13%         2    ###....
 Dazzling Spray           Conj/Hex       #.....       26%         3    ###....


Dungeon Overview and Level Annotations

Branches:
Dungeon (1/15)

Altars:


Innate Abilities, Weirdness & Mutations

You cannot wear armour.
You are incapable of wielding weapons or throwing items.
Your paws allow you to move quietly. (Stealth)
You have sharp claws.
You have razor-sharp teeth.
You have supernaturally acute eyesight. (SInv)
You are carnivorous and can eat meat at any time.
You cover ground quickly.
You are covered in fur. (AC +1)
You have a slow metabolism.
Your sharp claws are effective at attacking unaware monsters.


Message History

You take 3 damage, and have 4/12 hp.
MASSIVE DAMAGE!!
Unknown command.
Unknown command.
Unknown command.
Unknown command.
You scratch the hobgoblin.
The hobgoblin hits you but does no damage.
You scratch the hobgoblin but do no damage.
The hobgoblin completely misses you.
Unknown command.
You completely miss the hobgoblin. You bite the hobgoblin.
The hobgoblin hits you.
* * * LOW HITPOINT WARNING * * *
You take 3 damage, and have 1/12 hp.
MASSIVE DAMAGE!!
Unknown command.
Unknown command.
The hobgoblin throws a stone.
The stone hits you.
You die...

# #####.######........((..(.†...#
###...##.#((.#....[##....#.######
.##...(#.#.#.#.....#####(#.#
.g#...(#g#.#.#####.# #(#.#
.(gg...+...#.#####.# #(#.#
..#(...#.#(#....##.# #.#.######
(##..[.#.#.g....##(#####.#.......
###...##.###.##.#.(.(((#.########
# #####.##....g.@#####(#(#.......
#.#######.(# #...(#.###### ##.#
#..# #...(#.#..... ###.##
#..####.##.#.#.####
####..#########........#.#.#.# #
#...####............>....#.#.####
.#### #.#######.#########.#.....
## #...................###.##
############..#.######### #.#.


You could see a hobgoblin.

Levels and vault maps discovered:
D:1:      dpeg_arrival_morbid_curiosity, layout_basic

Notes
Turn   | Place    | Note
-------+----------+-------------------------------------------
     0 | D:1      | Redear the Felid Enchanter began the quest for the Orb.
     0 | D:1      | Reached XP level 1. HP: 7/7 MP: 4/4
   347 | D:1      | Identified a +0 mace
   371 | D:1      | Reached skill level 3 in Dodging
   371 | D:1      | Reached XP level 2. HP: 12/12 MP: 6/6
   609 | D:1      | HP: 3/12 [hobgoblin/stone (5)]
   619 | D:1      | Identified 2 potions of berserk rage
   623 | D:1      | Identified 2 scrolls of remove curse
   624 | D:1      | Identified 2 scrolls of fear
   754 | D:1      | HP: 3/12 [kobold/+0 mace (2)]
   797 | D:1      | HP: 3/12 [goblin/stone (1)]
   935 | D:1      | HP: 1/12 [hobgoblin (3)]
   936 | D:1      | Hit by a stone thrown by a hobgoblin

Table legend:
 A = Turns spent in this place as a percentage of turns spent in the entire game.
 B = Non-inter-level travel turns spent in this place as a percentage of non-inter-level travel turns spent in the entire game.
 C = Inter-level travel turns spent in this place as a percentage of turns spent in this place.
 D = Turns resting spent in this place as a percentage of non-inter-level travel turns spent in this place.
 E = Turns spent auto-exploring this place as a percentage of non-inter-level travel turns spent in this place.
 F = Non-inter-level travel turns spent in this place divided by the number of levels of this place that you've seen.
                   A       B       C       D       E      F
               +-------+-------+-------+-------+-------+----------------------
         Total | 100.0 | 100.0 |   0.0 |  14.5 |  55.7 | 936.0
       Dungeon | 100.0 | 100.0 |   0.0 |  14.5 |  55.7 | 936.0
               +-------+-------+-------+-------+-------+----------------------

Table legend:
 A = Kills in this place as a percentage of kills in entire the game.
 B = Kills by you in this place as a percentage of kills by you in the entire game.
 C = Kills by friends in this place as a percentage of kills by friends in the entire game.
 D = Other kills in this place as a percentage of other kills in the entire game.
 E = Experience gained in this place as a percentage of experience gained in the entire game.
 F = Experience gained in this place divided by the number of levels of this place that you have seen.
                   A       B       C       D       E      F
               +-------+-------+-------+-------+-------+----------------------
         Total | 100.0 | 100.0 |   N/A |   N/A | 100.0 |  21.0
       Dungeon | 100.0 | 100.0 |   N/A |   N/A | 100.0 |  21.0
               +-------+-------+-------+-------+-------+----------------------

Skill      XL: |  1 |
---------------+----+-----
Dodging        | 3 |  3.1
Fighting       | |  0.7
Stealth        | |  4.3
Unarmed Combat | |  1.4
Spellcasting   | |  2.0
Hexes          | |  4.4

Action                   || total
-------------------------++-------
Melee: Unarmed           ||    28
       Bite              ||     2
 Cast: Corona            ||     4
  Use: Scroll            ||     2
       Potion            ||     1
 Stab: Sleeping          ||     7
Armor: Skin              ||     2
Dodge: Dodged            ||    43

Vanquished Creatures
  An ooze (D:1)
  A bat (D:1)
  2 goblins (D:1)
  A hobgoblin (D:1)
  A frilled lizard (D:1)
  2 kobolds (D:1)
  4 rats (D:1)
12 creatures vanquished.
